Map: Ruins of Seras

Players

juhyg - Winner!

  • Race: Zerg Zerg
  • League: Bronze

MasterPain

  • Race: Zerg Zerg
  • League: Silver

VOD

Have the link to the VOD?

Description

Time

  • Played on: Feb. 7, 2016, 2:59 p.m.
  • Length: 16:47
Show
View Real Time Build Order
Export as new Build Order

juhyg Zerg - Winner!

Build Orders: Pool First 

Get SALT Encoding   

  12  0:08  Drone x2  
  14  0:28  Spawning Pool  
  13  0:30  Drone  
  14  1:00  Hatchery  
  13  1:14  Overlord  
  13  1:19  Drone  
  14  1:27  Extractor  
  14  1:28  Overlord  
  14  1:32  Queen  
  15  1:43  Drone x2  
  17  1:56  Zergling x2  
  17  1:59  Zergling x2  
  19  2:11  Roach Warren  
  18  2:17  Drone x2, Extractor  
  19  2:26  Queen  
  21  2:32  Drone  
  21  2:36  Drone  
  23  2:43  Drone  
  24  2:55  Drone x2  
  24  2:56  Drone  
  27  3:02  Drone  
  28  3:10  Metabolic Boost  
  28  3:43  Drone x5  
  28  3:44  Drone x3  
  28  3:46  Overlord  
  36  4:16  Roach x4  
  44  4:20  Overlord x2  
  43  4:32  Overlord x4  
  43  4:44  Lair  
  43  5:16  Roach  
  43  5:17  Roach x6  
  43  5:18  Roach x5  
  67  5:46  Roach x3  
  67  5:47  Roach x5  
  67  5:48  Roach  
  85  6:02  Hatchery  
  86  6:18  Roach  
  86  6:19  Overlord, Roach x2  
  90  6:45  Overseer x2  
  90  6:51  Overlord  
  90  6:52  Overlord x2  
  90  6:53  Drone  
  91  6:55  Drone  
  91  6:57  Drone  
  93  7:01  Glial Reconstitution  
  93  7:04  Zergling x2  
  94  7:14  Hatchery  
  93  8:02  Roach x5  
  93  8:03  Roach x7  
  93  8:04  Roach x3  
  123  8:14  Infestation Pit  
  122  8:22  Hydralisk Den  
  121  8:27  Spire  
  120  8:35  Drone  
  120  8:38  Drone x2  
  120  8:39  Drone x3  
  120  8:41  Drone x5  
  129  8:42  Drone x2  
  133  8:50  Overseer x3  
  133  9:07  Hive  
  133  9:43  Muscular Augments  
  133  9:53  Extractor  
  133  9:57  Extractor  
  131  10:00  Hydralisk x2  
  135  10:29  Overlord x7  
  135  10:30  Overlord x5  
  135  10:31  Overlord x7  
  135  10:32  Overlord x2  
  135  10:49  Drone  
  136  10:55  Queen  
  138  11:00  Drone x4  
  138  11:01  Drone x4  
  138  11:03  Zergling x10  
  151  11:43  Hydralisk x5  
  151  11:44  Hydralisk x6  
  151  11:45  Hydralisk  
  175  11:58  Zerg Flyer Weapons Level 1  
  175  12:04  Lurker Den  
  175  12:19  Evolution Chamber  
  174  12:25  Ultralisk Cavern  
  173  12:32  Hydralisk x5  
  173  12:33  Hydralisk  
  185  12:56  Mutalisk x2  
  189  13:15  Mutalisk x2  
  193  13:32  Zerg Melee Weapons Level 1  
  193  13:49  Extractor  
  193  13:52  Zerg Flyer Armor Level 1  
  193  13:53  Extractor  
  193  13:54  Chitinous Plating  
  191  14:23  Zergling x8  
  191  14:24  Zergling x10  
  197  14:26  Overlord x4  
  197  14:27  Overlord x6  
  197  14:28  Overlord x3  
  195  15:41  Roach  
  195  15:42  Roach x8  
  170  15:43  Roach x3  
  160  16:09  Roach  
  160  16:10  Roach x6  
  160  16:11  Roach  
Show
View Real Time Build Order
Export as new Build Order

MasterPain Zerg 

Build Orders: Pool First 

Get SALT Encoding   

  12  0:19  Spawning Pool  
  11  0:26  Drone  
  12  0:29  Drone  
  13  0:39  Overlord  
  13  0:45  Drone  
  14  0:50  Extractor  
  13  0:59  Drone  
  14  1:17  Drone x2  
  16  1:22  Drone  
  17  1:29  Queen  
  17  1:32  Overlord  
  20  2:01  Drone x2  
  21  2:08  Metabolic Boost  
  21  2:09  Evolution Chamber  
  20  2:21  Drone x2  
  22  2:24  Extractor  
  21  2:32  Drone  
  22  2:37  Zerg Melee Weapons Level 1  
  22  2:39  Drone  
  23  2:50  Spine Crawler  
  23  2:58  Drone x3  
  25  3:24  Spine Crawler  
  24  3:28  Overlord x3  
  24  3:38  Zergling x2  
  24  3:39  Zergling x4  
  27  3:51  Lair  
  27  4:04  Zergling x6  
  30  4:13  Zergling x6  
  33  4:31  Zerg Ground Armor Level 1  
  33  4:35  Zergling x2  
  33  4:36  Zergling x2  
  33  4:37  Zergling x4  
  37  4:48  Drone  
  37  4:52  Infestation Pit  
  36  5:05  Zergling x8  
  40  5:16  Overseer  
  40  5:30  Hive  
  40  5:41  Evolution Chamber, Drone x3  
  42  6:16  Zergling x8  
  42  6:17  Zergling x4  
  48  6:25  Zerg Melee Weapons Level 2  
  48  6:33  Zerg Ground Armor Level 2  
  48  6:41  Adrenal Glands  
  48  6:43  Overlord  
  48  6:44  Overlord  
  48  7:07  Spire  
  47  7:29  Zergling x8  
  52  7:30  Zergling x4  
  53  7:45  Hatchery  
  53  7:49  Zergling x8  
  56  8:03  Overlord  
  56  8:20  Mutalisk x2  
  56  8:21  Mutalisk  
  56  8:22  Mutalisk  
  64  8:54  Mutalisk  
  64  8:55  Mutalisk  
  66  8:58  Mutalisk  
  66  9:00  Zergling x4  
  72  9:22  Mutalisk  
  74  9:25  Zergling x6  
  77  9:42  Extractor  
  77  9:43  Extractor  
  76  9:45  Drone x2  
  76  9:46  Drone  
  76  9:48  Queen  
  80  9:58  Mutalisk  
  82  10:03  Overlord  
  82  10:07  Zergling x2  
  83  10:33  Zerg Melee Weapons Level 3  
  83  10:48  Zergling x10  
  88  10:56  Overlord x3  
  88  11:34  Mutalisk  
  88  11:35  Mutalisk x2  
  92  13:32  Zerg Ground Armor Level 3  
  92  13:40  Greater Spire  
  92  13:44  Drone x4  
  92  13:45  Drone x2  
  98  14:00  Zergling x14  
  98  14:01  Zergling x10  
  110  14:49  Zergling x6  
  110  14:50  Zergling x4  
  115  15:12  Overlord x3  
  115  15:13  Overlord x2  
  33  16:03  Infestor  
  33  16:04  Infestor x3  
Tags
 
Add a new tag
Caveats
  • Supply blocks, unpowered buildings, or Contaminate may cause inaccurate times.
  • Supply counts are checked every 10 seconds.